 Dungeon Sprint DCSS version 0.27.1-1-g398f81649c (webtiles) character file.

Game seed: 2292021622893922430

261 styxcanada the Unseen (level 5, -9/28 HPs)
             Began as a Spriggan Brigand on Sept 17, 2021.
             Was an Initiate of Gozag.
             Mangled by a spriggan (12 damage)
             ... in the Dungeon (Sprint IV: "Fedhas' Mad Dash").
             The game lasted 00:01:21 (129 turns).

styxcanada the Unseen (Spriggan Brigand)             Turns: 129, Time: 00:01:21

Health: -9/28      AC:  3    Str:  7    XL:     5   Next: 96%
Magic:  6/6        EV: 20    Int: 12    God:    Gozag
Gold:   139        SH:  0    Dex: 18    Spells: 4/4 levels left

rFire    . . .     SeeInvis +   a - +2 dagger
rCold    . . .     Faith    .   (shield restricted)
rNeg     . . .     Spirit   .   b - +0 robe
rPois    .         Reflect  .   (helmet restricted)
rElec    .         Harm     .   c - +0 cloak
rCorr    .         Rampage  .   (gloves unavailable)
Will     .....     NoTele   +   (boots unavailable)
Stlth    ++++++....             l - amulet of invisibility {+Inv}
HPRegen  0.09/turn              (no ring)
MPRegen  0.10/turn              (no ring)

@: very slightly contaminated, very quick
A: very small, no large weapons, unfitting armour, see invisible, speed 3
a: Renounce Religion, Evoke Invisibility, Potion Petition, Call Merchant, Bribe
Branch


You were in the Dungeon.
You worshipped Gozag.
Gozag was aware of your devotion.
You visited 1 branch You collected 139 gold pieces.

Inventory:

Hand Weapons
 a - a +2 dagger (weapon)
Missiles
 d - 3 poisoned darts (quivered)
 e - 2 curare-tipped darts
Armour
 b - a +0 robe (worn)
 c - a +0 cloak (worn)
Jewellery
 l - the amulet of invisibility (around neck) {+Inv}
   (You found it in the Dungeon)

   [amulet of nothing]

   +Inv:      It lets you turn invisible.
Scrolls
 k - a scroll of blinking
Potions
 f - a potion of curing
 g - a potion of heal wounds
 h - a potion of haste
 i - 3 potions of magic
 j - a potion of berserk rage


   Skills:
 * Level 3.6 Fighting
 + Level 3.4 Short Blades
 + Level 2.8 Throwing
 * Level 5.5 Dodging
 * Level 15.8 Stealth
 + Level 1.4 Evocations


You had 4 spell levels left.
You didn't know any spells.
Your spell library was empty.

Dungeon Overview and Level Annotations

Branches:
Dungeon (1/1)

Altars:
Cheibriados
Dithmenos
Elyvilon
Gozag
Hepliaklqana
Kikubaaqudgha
Makhleb
Nemelex Xobeh
Okawaru
Qazlal
Ru
Sif Muna
Trog
Uskayaw
Vehumet
Wu Jian
Xom
Yredelemnul
Zin
The Shining One
Beogh
Jiyva
Lugonu


Innate Abilities, Weirdness & Mutations

You are very small and have problems with some larger weapons.
You are too small for most types of armour.
You have supernaturally acute eyesight. (SInv)
You cover ground extremely quickly. (Speed+++)


Message History

Aim: a spriggan, wielding a +0 rapier, wearing a +0 robe and wearing a +0 buckler (36% to hit)
You throw a poisoned dart.
The poisoned dart barely misses the spriggan.
The spriggan hits you with a +0 rapier!
Ouch! That really hurt!
* * * LOW HITPOINT WARNING * * *
You flicker for a moment.
There is an open door here.
You see here a +0 long sword.
The spriggan is distracted by your dazzling golden aura.
Throw: 7 darts (poison)
Press: ? - help, Q - select action, (/) - cycle Shift-Dir - straight line, f/p - spriggan
Aim: a spriggan, wielding a +0 rapier, wearing a +0 robe and wearing a +0 buckler (unaware, hasn't noticed you, 36% to hit)
You throw a poisoned dart.
The poisoned dart closely misses the spriggan.
The spriggan shouts!
Throw: 6 darts (poison)
Press: ? - help, Q - select action, (/) - cycle Shift-Dir - straight line, f/p - spriggan
Aim: a spriggan, wielding a +0 rapier, wearing a +0 robe and wearing a +0 buckler (36% to hit)
You throw a poisoned dart. The poisoned dart misses the spriggan.
Unknown command.
Throw: 5 darts (poison)
Press: ? - help, Q - select action, (/) - cycle Shift-Dir - straight line, f/p - spriggan
Aim: a spriggan, wielding a +0 rapier, wearing a +0 robe and wearing a +0 buckler (36% to hit)
You throw a poisoned dart. The spriggan blocks the poisoned dart.
The spriggan is no longer distracted by gold.
There is an open door here.
Throw: 4 darts (poison)
Press: ? - help, Q - select action, (/) - cycle Shift-Dir - straight line, f/p - spriggan
Aim: a spriggan, wielding a +0 rapier, wearing a +0 robe and wearing a +0 buckler (36% to hit)
You throw a poisoned dart.
The poisoned dart closely misses the spriggan.
You flicker back into view.
There is a corrupted altar of Lugonu here.
There is an ancient bone altar of Kikubaaqudgha here.
There is a viscous altar of Jiyva here.
There is a hazy altar of Hepliaklqana here.
The spriggan hits you with a +0 rapier!
You die...
Your body crumbles into a pile of gold.

#################################
P#.....#.....#.⌠._._._._.⌠.#.)'$$
.'.....'.#)[.'..@i_._._._..'.(#$$
P#.....#.#...#..._._._._...#..###
###########+##.._._._._._..#.(#
#._._._._._.⌠.#### $
$###############


$$$$ $$ $ You could see a spriggan.

Vanquished Creatures
  2 scorpions (D)
  3 oklob saplings (D)
  A spriggan (D)
  A river rat (D)
  A rat (D)
8 creatures vanquished.

Notes
Turn   | Place    | Note
-------+----------+-------------------------------------------
     0 | D        | styxcanada the Spriggan Brigand began the quest for the
                  | Orb.
     0 | D        | Reached XP level 1. HP: 10/10 MP: 2/2
     9 | D        | Reached skill level 8 in Stealth
     9 | D        | Reached XP level 2. HP: 15/15 MP: 3/3
    17 | D        | Noticed an oklob sapling
    19 | D        | Killed an oklob sapling
    20 | D        | Reached skill level 10 in Stealth
    20 | D        | Reached XP level 3. HP: 18/18 MP: 4/4
    21 | D        | Noticed a scorpion
    21 | D        | Found the amulet of invisibility {+Inv}
    23 | D        | Killed a scorpion
    24 | D        | Reached skill level 12 in Stealth
    24 | D        | Reached XP level 4. HP: 23/23 MP: 5/5
    41 | D        | Found an opulent altar of Gozag.
    41 | D        | Found a hazy altar of Hepliaklqana.
    41 | D        | Found a burning altar of Makhleb.
    41 | D        | Found a sparkling altar of Nemelex Xobeh.
    41 | D        | Found a sacrificial altar of Ru.
    41 | D        | Found a shimmering blue altar of Sif Muna.
    41 | D        | Found an ornate altar of the Wu Jian Council.
    41 | D        | Found a shimmering altar of Xom.
    41 | D        | Found a basalt altar of Yredelemnul.
    42 | D        | Found a viscous altar of Jiyva.
    42 | D        | Found a snail-covered altar of Cheibriados.
    42 | D        | Found a bloodstained altar of Trog.
    43 | D        | Found an iron altar of Okawaru.
    43 | D        | Found a shadowy altar of Dithmenos.
    43 | D        | Found a glowing silver altar of Zin.
    44 | D        | Found an ancient bone altar of Kikubaaqudgha.
    44 | D        | Found a hide-covered altar of Uskayaw.
    45 | D        | Found a stormy altar of Qazlal.
    45 | D        | Found a white marble altar of Elyvilon.
    45 | D        | Found a glowing golden altar of the Shining One.
    46 | D        | Became a worshipper of Gozag Ym Sagoz the Greedy
    47 | D        | Found a corrupted altar of Lugonu.
    47 | D        | Found a radiant altar of Vehumet.
    51 | D        | Reached skill level 13 in Stealth
    51 | D        | Reached XP level 5. HP: 28/28 MP: 3/6
   100 | D        | Reached skill level 14 in Stealth
   106 | D        | Reached skill level 5 in Dodging
   106 | D        | Reached skill level 1 in Evocations
   107 | D        | Reached skill level 15 in Stealth
   129 | D        | Mangled by a spriggan

Illustrated notes

Levels and vault maps discovered:
D:        dungeon_sprint_fedhas [sprint_temple]

Skill      XL: |  1  2  3  4  5 |
---------------+----------------+-----
Dodging        | 2 3 4 5 |  5.5
Stealth        | 8 10 12 13 15 | 15.8
Fighting       | 2 3 |  3.6
Short Blades   | 3 |  3.4
Evocations     | 1 |  1.4
Throwing       | |  2.8

Action                   |  1- 3 |  4- 6 || total
-------------------------+-------+-------++-------
Melee: Dagger            |     4 |     5 ||     9
Throw: Dart              |       |     5 ||     5
 Abil: Evoke Invisibilit |       |     2 ||     2
 Stab: Sleeping          |     4 |     4 ||     8
